 Dungeon Crawl Stone Soup version 0.20.1-1-g8b1a95d (webtiles) character file.

2533 vomix the Cleaver (level 9, -1/105 HPs)
             Began as a Minotaur Berserker on Aug 9, 2017.
             Was a High Priest of Trog.
             Slain by a large slime creature (24 damage)
             ... on level 7 of the Dungeon.
             The game lasted 00:12:50 (6153 turns).

vomix the Cleaver (Minotaur Berserker)              Turns: 6153, Time: 00:12:51

Health: -1/105     AC: 14    Str: 27    XL:     9   Next: 30%
Magic:  8/8        EV:  9    Int:  4    God:    Trog [*****.]
Gold:   357        SH:  0    Dex: 16    Spells: 8/8 levels left

rFire    . . .     SeeInvis .   H - +0 war axe
rCold    . . .     Gourm    .   (no shield)
rNeg     . . .     Faith    .   F - +0 plate armour
rPois    .         Spirit   .   (helmet restricted)
rElec    .         Reflect  .   u - +0 cloak
rCorr    .         Harm     .   J - +0 pair of gloves {Dex+3}
MR       ++...                  p - +0 pair of boots
Stlth    ..........             (no amulet)
Regen    1.3/turn               d - +1 ring of evasion
MPRegen  0.2/turn               (no ring)

@: berserking, regenerating, very quick
A: retaliatory headbutt, horns 2
a: Berserk, Trog's Hand, Brothers in Arms, Burn Spellbooks, Renounce Religion


You were on level 7 of the Dungeon.
You worshipped Trog.
Trog was extremely pleased with you.
You were full.

You visited 2 branches of the dungeon, and saw 8 of its levels.
You also visited: Ossuary.

You collected 402 gold pieces.
You spent 45 gold pieces at shops.

Inventory:

Hand Weapons
 H - a +0 war axe (weapon)
Armour
 p - a +0 pair of boots (worn)
 u - a +0 cloak (worn)
 F - a +0 plate armour (worn)
 J - a +0 pair of gloves of dexterity (worn)
Jewellery
 d - a +1 ring of evasion (left hand)
Wands
 l - a wand of lightning (0/15)
 E - a wand of confusion (24/48)
Scrolls
 b - 2 scrolls of immolation
 e - 5 scrolls of teleportation {unknown}
 i - a scroll of noise {unknown}
 k - 2 scrolls of amnesia {unknown}
 n - 3 scrolls of recharging
 o - 3 scrolls of enchant weapon {unknown}
 s - 2 scrolls of magic mapping {unknown}
 w - 2 scrolls of blinking {unknown}
 x - 2 scrolls of remove curse
 z - a scroll of brand weapon {unknown}
 C - a scroll of enchant armour {unknown}
 D - 2 scrolls of fog {unknown}
Potions
 f - 2 potions of ambrosia
 g - 4 potions of curing
 h - a potion of invisibility
 j - 3 potions of mutation
 m - 2 potions of might {unknown}
 r - 5 potions of lignification
 t - a potion of resistance {unknown}
 v - 2 potions of agility {unknown}
 A - a potion of magic {unknown}
 B - a potion of flight {unknown}
 G - a potion of haste {unknown}
 K - 2 potions of heal wounds {unknown}
Comestibles
 c - 4 bread rations
 q - a royal jelly


   Skills:
 - Level 3.6 Fighting
 + Level 14.6 Axes
 - Level 2.4 Armour
 - Level 2.1 Dodging


You had 8 spell levels left.
You didn't know any spells.

Dungeon Overview and Level Annotations

Branches:
Dungeon (7/15)             Temple (1/1) D:5

Altars:
Ashenzari
Cheibriados
Dithmenos
Elyvilon
Fedhas
Gozag
Hepliaklqana
Kikubaaqudgha
Makhleb
Nemelex Xobeh
Okawaru
Ru
Trog
Uskayaw
Vehumet
Xom
Yredelemnul
Zin
The Shining One

Shops:
D:4 *   D:5 [


Innate Abilities, Weirdness & Mutations

You reflexively headbutt those who attack you in melee.
You have a pair of horns on your head.


Message History

You hit the large slime creature but do no damage.
The jelly closely misses you. The jelly hits you but does no damage.
You hit the jelly.
Your hands burn!
The jelly is heavily wounded.
You slash the large slime creature! You barely miss the jelly.
The jelly jiggles.
The jelly hits the fungus.
The fungus is splashed with acid.
The jelly barely misses you.
Your skin crawls.
You feel resistant to hostile enchantments.
The jelly completely misses you.
The jelly hits the fungus.
The fungus is splashed with acid.
The acid corrodes the fungus!
The jelly completely misses you. The large slime creature hits you!!
* * * LOW HITPOINT WARNING * * *
A red film seems to cover your vision as you go berserk!
You feel yourself moving faster!
You feel mighty!
You feel a lot less full. The jelly hits you but does no damage.
The jelly hits the fungus.
The fungus is splashed with acid.
The acid corrodes the fungus!
The large slime creature hits you!!
You die...

........##....##.......##.#.#
..###...##..#.##.......##.#.#####
........##....##.......##.......>
.....(........##.......###..####.
#.#.#......#.###....#### #..# #.
.............# #....'..###..# #.
.............# ########(##..# #.
.............# ##).((((###..# #.
###.#........# #@####### #..# #.
# #.#..#.....##JJJJ..... #..# #.
###.#..#.....##÷JJJ..... #..####.
....#..#.....##.P..÷..P. #.......
.............##.....÷.÷. #.#####.
.#........#..##.÷.P...P. #.#####.
.##.#........##÷....P..$ #.......
.##.#........########### #.##.##.
###.#........ ##########.##.##.


You could see a large slime creature and 6 jellies.

Vanquished Creatures
  A slime creature (D:7)
  2 sky beasts
  An orc warrior (D:7)
  3 ogres
  A phantom (D:7)
  5 big kobolds (D:7)
  2 bullfrogs
  2 water moccasin zombies (Ossuary)
  4 vampire bats (D:3)
  A crimson imp (D:6)
  Crazy Yiuf (D:2)
  A hound (D:3)
  6 orc priests
  A jelly (D:7)
  A bullfrog skeleton (D:5)
  2 iguanas
  4 orc wizards
  4 worker ants
  3 big kobold zombies (Ossuary)
  3 mummies
  Robin (D:2)
  6 adders
  3 gnolls (D:3)
  A howler monkey skeleton (D:5)
  A shadow imp (D:5)
  3 oozes
  5 adder zombies (Ossuary)
  An adder skeleton (D:6)
  3 worms
  12 dart slugs
  4 leopard geckos
  20 orcs
  14 bats
  6 giant cockroaches
  15 goblins
  6 hobgoblins
  15 jackals
  4 quokkas
  3 frilled lizards
  7 hobgoblin zombies
  11 kobolds
  5 kobold zombies
  2 orc zombies (Ossuary)
  2 quokka skeletons (D:6)
  4 rats
202 creatures vanquished.

Vanquished Creatures (others)
  4 fungi (D:7)
  6 toadstools (D:7)
10 creatures vanquished.

Grand Total: 212 creatures vanquished

Notes
Turn   | Place    | Note
-------+----------+-------------------------------------------
     0 | D:1      | vomix the Minotaur Berserker began the quest for the Orb.
     0 | D:1      | Reached XP level 1. HP: 19/19 MP: 0/0
    60 | D:1      | Reached skill level 4 in Axes
    84 | D:1      | Reached XP level 2. HP: 13/26 MP: 1/1
   459 | D:1      | Reached skill level 5 in Axes
   878 | D:1      | Reached XP level 3. HP: 31/31 MP: 2/2
  1057 | D:2      | Reached ** piety under Trog
  1065 | D:2      | Noticed Robin
  1071 | D:2      | Killed Robin
  1122 | D:2      | Reached XP level 4. HP: 37/39 MP: 3/3
  1179 | D:2      | Reached skill level 6 in Axes
  1199 | D:2      | Found a glowing golden altar of the Shining One.
  1200 | D:2      | Found a hazy altar of Hepliaklqana.
  1484 | D:2      | Found a runed door.
  1490 | D:2      | Noticed Crazy Yiuf
  1493 | D:2      | Killed Crazy Yiuf
  1633 | D:3      | Reached XP level 5. HP: 45/45 MP: 4/4
  1715 | D:3      | Reached skill level 7 in Axes
  1833 | D:3      | Reached skill level 8 in Axes
  1865 | D:3      | Reached XP level 6. HP: 50/51 MP: 5/5
  2057 | D:3      | Reached *** piety under Trog
  2187 | D:3      | Reached skill level 9 in Axes
  2376 | D:4      | Reached XP level 7. HP: 23/57 MP: 6/6
  2411 | D:4      | Found a sand-covered staircase.
  2417 | Ossuary  | Entered an ossuary
  2753 | Ossuary  | Reached skill level 10 in Axes
  2889 | Ossuary  | Reached **** piety under Trog
  3185 | D:4      | Found Loulot's General Store.
  3196 | D:4      | Bought a scroll of immolation for 45 gold pieces
  3584 | D:4      | Reached skill level 11 in Axes
  3697 | D:5      | Entered Level 5 of the Dungeon
  3971 | D:5      | Reached XP level 8. HP: 63/64 MP: 7/7
  4001 | D:5      | Found Jock's Armour Shoppe.
  4204 | D:5      | Reached skill level 12 in Axes
  4439 | D:5      | Found a staircase to the Ecumenical Temple.
  4446 | Temple   | Entered the Ecumenical Temple
  4943 | D:6      | Found a basalt altar of Yredelemnul.
  5118 | D:6      | Reached skill level 13 in Axes
  5308 | D:6      | Reached ***** piety under Trog
  5831 | D:7      | Reached XP level 9. HP: 64/70 MP: 8/8
  5917 | D:7      | Reached skill level 14 in Axes
  6153 | D:7      | Slain by a large slime creature

Skill      XL: |  1  2  3  4  5  6  7  8  9 |
---------------+----------------------------+-----
Axes           | 4 5 6 8 9 11 13 14 | 14.6
Fighting       | |  3.6
Armour         | |  2.4
Dodging        | |  2.1

Action                   |  1- 3 |  4- 6 |  7- 9 || total
-------------------------+-------+-------+-------++-------
Melee: Hand axe          |    65 |    81 |       ||   146
       Headbutt          |    11 |    23 |    56 ||    90
       War axe           |       |    18 |   265 ||   283
Invok: Berserk           |     1 |     4 |     3 ||     8
       Trog's Hand       |       |     5 |     2 ||     7
       Burn Spellbooks   |       |       |     4 ||     4
Evoke: Wand              |       |     3 |     2 ||     5
  Use: Scroll            |       |       |     8 ||     8
  Eat: Chunk             |     2 |     7 |    13 ||    22
       Royal jelly       |       |       |     2 ||     2
       Fruit             |       |       |     1 ||     1
       Meat ration       |       |       |     1 ||     1
Armor: Animal skin       |     9 |       |       ||     9
       Ring mail         |     5 |    48 |       ||    53
       Scale mail        |       |     6 |    44 ||    50
       Plate armour      |       |       |    82 ||    82
Dodge: Dodged            |    48 |    72 |   118 ||   238
